 Dungeon Crawl Stone Soup version 0.23.1 (webtiles) character file.

Game seed: 4510083560831235677

3960 FunkyPutin the Basher (level 10, -2/90 HPs)
             Began as a Gargoyle Fighter on Mar 6, 2019.
             Was a High Priest of Okawaru.
             Slain by Gastronok (4 damage)
             ... on level 8 of the Dungeon.
             The game lasted 00:33:19 (6165 turns).

FunkyPutin the Basher (Gargoyle Fighter)            Turns: 6165, Time: 00:33:20

Health: -2/90      AC: 25    Str: 22    XL:     10   Next: 22%
Magic:  19/19      EV:  2    Int: 10    God:    Okawaru [*****.]
Gold:   366        SH: 11    Dex:  9    Spells: 9/9 levels left

rFire    . . .     SeeInvis .   a - +2 flail
rCold    . . .     Gourm    .   c - +0 shield
rNeg     + + +     Faith    .   (armour currently unavailable)
rPois    ∞         Spirit   .   (helmet currently unavailable)
rElec    .         Reflect  .   (cloak currently unavailable)
rCorr    .         Harm     .   (gloves currently unavailable)
MR       .....     NoTele   +   (boots currently unavailable)
Stlth    +.........             b - amulet of magic regeneration
HPRegen  0.25/turn              n - ring of magical power
MPRegen  0.41/turn              (no ring)

@: tree-form, slowed, very slow
A: negative energy resistance 1, petrification resistance, rot immunity, AC +7
a: Heroism, Finesse, Renounce Religion


You were on level 8 of the Dungeon.
You worshipped Okawaru.
Okawaru was extremely pleased with you.
You were not hungry.
You were a tree.
You visited 1 branch of the dungeon, and saw 8 of its levels.

You collected 366 gold pieces.

Inventory:

Hand Weapons
 a - a +2 flail (weapon)
 d - a +0 morningstar
Armour
 c - a +0 shield (worn)
 g - a +0 cloak (melded)
 j - a +2 chain mail (melded)
 l - a +0 helmet
 m - a +0 pair of boots (melded)
 p - a +0 pair of gloves (melded)
 t - a +0 plate armour
 y - a +1 helmet (melded)
Jewellery
 b - an amulet of magic regeneration (around neck)
 n - a ring of magical power (left branch)
Wands
 z - a wand of acid (5)
Scrolls
 h - 2 scrolls of teleportation
 o - 3 scrolls of remove curse
 r - a scroll of amnesia
 s - a scroll of immolation
 v - a scroll of fog
 x - 2 scrolls of identify
 B - a scroll of fear
Potions
 i - a potion of flight
 k - 2 potions of mutation
 q - a potion of lignification
 u - a potion of brilliance
 w - a potion of ambrosia
 A - a potion of degeneration {unknown}
Comestibles
 f - 14 rations
 C - a chunk of flesh


   Skills:
 + Level 6.1 Fighting
 * Level 11.2 Maces & Flails
 + Level 5.9 Armour
 + Level 0.4 Stealth
 + Level 7.8 Shields


You had 9 spell levels left.
You didn't know any spells.
Your spell library contained the following spells:

 Spells                   Type           Power        Failure   Level  Hunger
 Shock                    Conj/Air       #...         67%         1    ##.....
 Swiftness                Chrm/Air       #.......     82%         2    ###....
 Static Discharge         Conj/Air       #.......     96%         3    ####...
 Airstrike                Air            #.........   100%        4    #####..
 Lightning Bolt           Conj/Air       #.........   100%        5    ######.


Dungeon Overview and Level Annotations

Branches:
Dungeon (8/15)             Temple (0/1) D:5
   Lair: D:8-11

Altars:
Dithmenos
Fedhas
Gozag
Hepliaklqana
Okawaru
Qazlal
Uskayaw
The Shining One

Annotations:
D:5 1 runed translucent door, highc0's ghost, novice DEFE
D:8 Gastronok


Innate Abilities, Weirdness & Mutations

You are resistant to torment.
((Your stone body is resilient. (AC +7)))
You are immune to poison.
You resist negative energy. (rN+)
((You are resistant to electric shocks. (rElec)))
((You can survive without breathing.))
You are immune to petrification.
You are immune to rotting.


Message History

Okay, then.
Really quaff the potion of lignification?
You turn into a tree.
Your +0 cloak melds into your body.
Your +1 helmet melds into your body.
Your +0 pair of gloves melds into your body.
Your +0 pair of boots melds into your body.
Your +2 chain mail melds into your body.
Your roots penetrate the ground.
The quokka bites you but does no damage.
The bat hits you but does no damage.
The quokka bites you but does no damage.
Gastronok waves his eye-stalks in wide circles.
The air twists around and strikes you!
* * * LOW HITPOINT WARNING * * *
You thump Gastronok!
Gastronok is almost dead.
You block the bat's attack. You block the quokka's attack.
The quokka bites you but does no damage.
Gastronok bites you.
You die...

###############
#.....r.......#
#.$.w♣........#
#.....b.......#
#.....##..##..#
#.....##..##..#
#.....##......#
+.............#
#.............#
#.....##..##..#
#.....##..##..#


You could see Gastronok, a quokka and a bat.

Vanquished Creatures
  Harold (D:7)
  Pikel (D:5)
  Grinder (D:3)
  Prince Ribbit (D:5)
  A yak (D:7)
  Eustachio (D:5)
  A human (D:7)
  3 hogs (D:7)
  Menkaure (D:5)
  A water moccasin (D:6)
  An ice beast (D:7)
  3 phantoms
  2 bullfrogs
  A scorpion (D:6)
  A wyvern skeleton (D:7)
  A howler monkey (D:7)
  5 crimson imps
  A bullfrog zombie (D:6)
  4 hounds
  An orc wizard (D:4)
  A bullfrog skeleton (D:5)
  An iguana (D:6)
  Natasha (thrice) (D:3)
  7 worker ants
  A killer bee zombie (D:5)
  A hound zombie (D:6)
  8 gnolls
  5 adders
  A shadow imp (D:5)
  An adder zombie (D:7)
  2 oozes
  An adder skeleton (D:7)
  2 dart slugs
  2 worms (D:2)
  2 leopard geckos
  13 orcs
  9 bats
  2 giant cockroaches (D:1)
  6 goblins
  11 hobgoblins
  7 jackals
  7 kobolds
  A quokka (D:2)
  3 frilled lizards
  A leopard gecko skeleton (D:5)
  A quokka skeleton (D:7)
  13 rats
144 creatures vanquished.

Vanquished Creatures (others)
  2 slaves (D:5)
  A centaur (D:5)
  A scorpion (D:5)
  An orc priest (D:5)
  An orc wizard (D:5)
  A worker ant zombie (D:5)
  A leopard gecko (D:5)
  An orc (D:5)
  A jackal (D:5)
10 creatures vanquished.

Grand Total: 154 creatures vanquished

Notes
Turn   | Place    | Note
-------+----------+-------------------------------------------
     0 | D:1      | FunkyPutin the Gargoyle Fighter began the quest for the
                  | Orb.
     0 | D:1      | Reached XP level 1. HP: 14/14 MP: 1/1
   270 | D:1      | Reached XP level 2. HP: 19/19 MP: 2/2
   970 | D:2      | Reached XP level 3. HP: 23/23 MP: 3/3
  1018 | D:2      | Found an iron altar of Okawaru.
  1061 | D:2      | Became a worshipper of Warmaster Okawaru
  1251 | D:2      | Reached skill level 3 in Maces & Flails
  1270 | D:2      | Reached XP level 4. HP: 27/29 MP: 4/4
  1941 | D:3      | Found a faded altar of an unknown god.
  2093 | D:3      | Noticed Natasha
  2100 | D:3      | Killed Natasha
  2168 | D:3      | Noticed Natasha
  2179 | D:3      | Killed Natasha
  2179 | D:3      | Reached XP level 5. HP: 30/33 MP: 5/5
  2217 | D:3      | Found a blossoming altar of Fedhas.
  2247 | D:3      | Noticed Grinder
  2254 | D:3      | Paralysed by Grinder for 5 turns
  2272 | D:3      | Paralysed by Grinder for 3 turns
  2281 | D:3      | Killed Grinder
  2281 | D:3      | Reached * piety under Okawaru
  2281 | D:3      | Reached skill level 5 in Maces & Flails
  2281 | D:3      | Reached XP level 6. HP: 23/38 MP: 6/6
  2647 | D:3      | Found a shadowy altar of Dithmenos.
  2714 | D:3      | Noticed Natasha
  2728 | D:3      | Killed Natasha
  2728 | D:3      | Reached XP level 7. HP: 37/43 MP: 7/7
  3208 | D:4      | Reached skill level 6 in Maces & Flails
  3547 | D:5      | Entered Level 5 of the Dungeon
  3549 | D:5      | Noticed Pikel
  3571 | D:5      | Killed Pikel
  3571 | D:5      | Reached ** piety under Okawaru
  3571 | D:5      | Reached skill level 7 in Maces & Flails
  3571 | D:5      | Reached skill level 5 in Shields
  3571 | D:5      | Reached XP level 8. HP: 16/48 MP: 8/8
  3607 | D:5      | Noticed Eustachio
  3618 | D:5      | Killed Eustachio
  3786 | D:5      | Found a glowing golden altar of the Shining One.
  3867 | D:5      | Reached skill level 8 in Maces & Flails
  3927 | D:5      | Noticed Menkaure
  3937 | D:5      | Killed Menkaure
  3937 | D:5      | Reached *** piety under Okawaru
  4016 | D:5      | Reached skill level 5 in Fighting
  4061 | D:5      | Found a runed translucent door.
  4061 | D:5      | Noticed highc0's ghost (novice DEFE)
  4111 | D:5      | Found a staircase to the Ecumenical Temple.
  4390 | D:5      | Reached skill level 5 in Armour
  4432 | D:5      | Noticed Prince Ribbit
  4479 | D:5      | Killed Prince Ribbit
  4479 | D:5      | Reached skill level 9 in Maces & Flails
  4479 | D:5      | Reached XP level 9. HP: 42/54 MP: 9/9
  4715 | D:6      | Found a hide-covered altar of Uskayaw.
  4911 | D:6      | Found a hazy altar of Hepliaklqana.
  5467 | D:7      | Noticed Harold
  5489 | D:7      | Found an opulent altar of Gozag.
  5523 | D:7      | Killed Harold
  5523 | D:7      | Reached **** piety under Okawaru
  5523 | D:7      | Reached skill level 10 in Maces & Flails
  5572 | D:7      | Reached XP level 10. HP: 40/60 MP: 10/10
  5857 | D:7      | Found a stormy altar of Qazlal.
  5952 | D:7      | Reached ***** piety under Okawaru
  5963 | D:7      | Reached skill level 11 in Maces & Flails
  6132 | D:8      | Noticed Gastronok
  6161 | D:8      | HP: 2/60 [Gastronok (24)]
  6165 | D:8      | Slain by Gastronok

Skill      XL: |  1  2  3  4  5  6  7  8  9 10 |
---------------+-------------------------------+-----
Maces & Flails | 3 5 7 9 10 11 | 11.2
Fighting       | 4 5 6 |  6.1
Armour         | 4 5 |  5.9
Shields        | 4 5 6 7 |  7.8
Stealth        | |  0.4

Action                   |  1- 3 |  4- 6 |  7- 9 | 10-12 || total
-------------------------+-------+-------+-------+-------++-------
Melee: Flail             |   145 |   138 |   372 |    61 ||   716
Invok: Heroism           |       |       |     1 |       ||     1
  Use: Scroll            |     6 |     4 |     9 |       ||    19
       Potion            |       |     1 |     5 |     3 ||     9
  Eat: Chunk             |     1 |     5 |     1 |     1 ||     8
       Ration            |       |       |     3 |       ||     3
Armor: Scale mail        |     8 |       |       |       ||     8
       Chain mail        |    66 |    77 |   255 |    29 ||   427
       Skin              |       |       |       |     4 ||     4
Dodge: Dodged            |    30 |    25 |    81 |    12 ||   148
Block: Shield            |    72 |    58 |   197 |    26 ||   353
